[Event "45th FIDE Womens Olympiad 2024"]
[Site "Budapest"]
[Date "2024.09.16"]
[Round "6.8"]
[White "Garcia Andrada, Heidy Nicole"]
[Black "Papp, Petra"]
[Result "1-0"]
[ECO "A25"]
[WhiteElo "2003"]
[BlackElo "2259"]
[Annotator "TA"]
[PlyCount "117"]
[EventDate "2024.09.05"]
[EventType "team-tourn"]
[EventCountry "HUN"]
[SourceTitle "playchess.com"]
[Source "ChessBase"]
[SourceQuality "1"]
[WhiteTeam "Peru"]
[BlackTeam "Hungary"]
[WhiteTeamCountry "PER"]
[BlackTeamCountry "HUN"]
[TimeControl "40/5400+30:1800+30"]

1. c4 e5 2. Nc3 Nc6 3. g3 Bc5 4. Bg2 a6 5. e3 d6 6. Nge2 {[%emt 0:00:22] A25: English Opening vs King's Indian with ...Nc6 but without early d3.} Ba7 7. d4 Nf6 8. h3 O-O 9. O-O h6 10. a3 Re8 11. b4 Rb8 12. d5 $146 ({Predecessor:} 12. Qd3 Bd7 13. Kh2 Ne7 14. Bb2 Bf5 15. e4 Bh7 16. d5 Nd7 17. Rad1 Rf8 18. Bc1 {0-1 Kern,G (2329)-Mainka,R (2414) Recklinghausen op 13th 2002 (8)}) 12... Ne7 13. e4 Nh7 14. Kh2 Ng6 15. Qd3 Rf8 16. Be3 Bxe3 17. Qxe3 Qe7 18. Rac1 Bd7 19. c5 b6 20. cxd6 cxd6 21. Rc2 Rfc8 22. Rfc1 h5 23. Qd3 b5 24. Nb1 Qd8 25. Nd2 h4 26. Nb3 Qb6 27. Ng1 Rf8 28. g4 Nf4 29. Qe3 Qd8 (29... Qxe3 $11 30. fxe3 Nxg2 31. Kxg2 Nf6) 30. Na5 $16 Qf6 (30... Rc8 $16) 31. Rc7 $18 Be8 32. R1c2 (32. Nb7 $18) 32... Ng5 (32... Qg6 $16 33. R2c3 Ra8) 33. Nb7 Ra8 34. Na5 $2 (34. Ne2 $18) 34... Qg6 (34... Rb8 $1 $11 {keeps the balance.}) 35. Bh1 $16 Kh8 36. Nb7 Rb8 37. Qa7 (37. R2c3 $16) 37... Rxb7 $1 $14 38. Qxb7 Nxe4 39. Rc8 (39. Qxa6 Nf6 $11) 39... Nc5 $2 (39... Rg8 $14) 40. R8xc5 $2 (40. bxc5 $2 Qxc2 41. Bf3 Qxf2+ 42. Kh1 Nxh3 (42... dxc5 43. d6 $11) 43. Nxh3 Qxf3+ $19) (40. R2xc5 $18 Qf6 41. Rc3) 40... dxc5 $11 41. Rxc5 Qf6 (41... Qd3 $11 42. Rc8 (42. Qxa6 $2 Qd2 $19) 42... Qd4 (42... Qxa3 43. d6 $14)) 42. Be4 $16 g6 $2 {[%emt 0:19:13] [#]} (42... Ne2 $16 43. Kg2 (43. Nxe2 Qxf2+ 44. Bg2 Qxe2 $11) 43... Nf4+ 44. Kh1 Kg8) 43. Rc8 $1 $18 Qd6 $2 (43... Kg7 44. Qb8 Ne2) 44. Qa8 $18 Qd7 (44... Kg7 $142 45. Rxe8 Rxe8 46. Qxe8 Nxd5) 45. Rd8 $18 (45. Qxa6 f5 46. gxf5 gxf5 $14) 45... Qc7 46. Rxe8 Rxe8 47. Qxe8+ Kg7 48. Qc6 Qd8 49. Nf3 Qb8 50. d6 Ne6 51. Qd5 Qb6 52. Kg1 ({Worse is} 52. Nxe5 Qxf2+ 53. Bg2 Qg3+ 54. Kg1 Qe1+ 55. Bf1 Qe3+ 56. Kh1 Qe1 $11) (52. Qxe5+ $142 Kg8 53. Kg2 (53. Nxh4 Qxf2+ 54. Ng2 Nf8 $18) 53... Nd8 54. Bd5 (54. Nxh4 Ne6 $18) 54... a5 55. Ng5 (55. Nxh4 Kh7 $18) 55... Qa7 56. Qe7 axb4 57. Qxa7) 52... a5 53. Qxe5+ Kg8 54. Bxg6 Qc6 55. Bxf7+ Kxf7 56. Qxe6+ Kxe6 57. Nd4+ (57. Nxh4 $2 {is the wrong capture.} Qc1+ (57... Kxd6 $2 58. Nf5+ Kd7 59. bxa5 $19) 58. Kg2 Qxa3 (58... Kxd6 $2 59. bxa5 Qxa3 60. Nf5+ Kc5 61. a6 $19) 59. bxa5 Qxd6 $19) 57... Kxd6 58. Nxc6 Kxc6 59. bxa5 1-0

[Event "45th FIDE Womens Olympiad 2024"]
[Site "Budapest"]
[Date "2024.09.16"]
[Round "6.9"]
[White "Dzagnidze, Nana"]
[Black "Munkhzul, Turmunkh"]
[Result "1/2-1/2"]
[ECO "D37"]
[WhiteElo "2508"]
[BlackElo "2256"]
[Annotator "TA"]
[PlyCount "92"]
[EventDate "2024.09.05"]
[EventType "team-tourn"]
[EventCountry "HUN"]
[SourceTitle "playchess.com"]
[Source "ChessBase"]
[SourceQuality "1"]
[WhiteTeam "Georgia"]
[BlackTeam "Mongolia"]
[WhiteTeamCountry "GEO"]
[BlackTeamCountry "MGL"]
[TimeControl "40/5400+30:1800+30"]

1. Nf3 Nf6 2. c4 e6 3. Nc3 d5 4. d4 Be7 5. Bf4 O-O 6. a3 c5 7. dxc5 Bxc5 8. e3 dxc4 9. Bxc4 Qxd1+ 10. Rxd1 a6 {[%emt 0:00:22] Against Nb5} 11. Ne5 Nbd7 12. Be2 Nxe5 13. Bxe5 b5 14. Bf3 {[%emt 0:29:16] Prevents Bb7.} Ra7 15. Bd6 Bxd6 {[%emt 0:00:26] The position is equal.} 16. Rxd6 Rd7 17. Rb6 Rfd8 18. O-O Rd6 19. Rxd6 Rxd6 20. Rc1 {[%emt 0:00:03][%cal Oc3b5] Nxb5! is the strong threat.} Bd7 21. g4 h6 22. Ne4 Nxe4 23. Bxe4 $11 {[%emt 0:02:13][%mdl 4096] Endgame. KRB-KRB} Kf8 24. Rc7 a5 25. Kf1 Ke8 26. Ke1 Kd8 27. Ra7 a4 28. Ra8+ Ke7 $1 29. Ra7 Kd8 30. Ra8+ Ke7 $1 31. Rb8 f5 32. Bf3 Kf6 33. h4 Ke7 34. Rb7 Kf6 35. Rc7 Ke7 36. Be2 Rb6 37. Kd2 Kd6 38. Ra7 b4 39. Bd1 b3 40. f4 fxg4 41. Bxg4 Rc6 42. Bd1 {[%emt 0:00:00] Inhibits Rc2+.} (42. Rxa4 $2 {perishes.} Rc2+ 43. Kd1 Bxa4 $19) 42... Rc5 43. Ra6+ Ke7 44. Ra7 Kd6 45. Ra6+ Ke7 46. Ra7 Kd6 {[%emt 0:00:00] Weighted Error Value: White=0.05 (flawless) /Black=0.02 (flawless) .  Inaccurate:     	White=1     	---        OK:         	White=10    	Black=21     Strong:       	---       	Black=2} 1/2-1/2

[Event "45th FIDE Womens Olympiad 2024"]
[Site "Budapest"]
[Date "2024.09.16"]
[Round "6.9"]
[White "Karelina, Polina"]
[Black "Callender, Jessica"]
[Result "1-0"]
[ECO "B23"]
[WhiteElo "1898"]
[BlackElo "1579"]
[PlyCount "75"]
[EventDate "2024.09.05"]
[EventType "team-tourn"]
[EventCountry "HUN"]
[WhiteTeam "Bahamas"]
[BlackTeam "Guyana"]
[WhiteTeamCountry "BAH"]
[BlackTeamCountry "GUY"]
[TimeControl "40/5400+30:1800+30"]

1. e4 c5 2. Nc3 e6 3. g3 d5 4. Bg2 dxe4 5. Nxe4 Be7 6. Nf3 Nf6 7. Nc3 Nc6 8. O-O O-O 9. d3 b6 10. Ne5 Nd5 11. Nxc6 Qd6 12. Nxe7+ Qxe7 13. Nxd5 exd5 14. Bxd5 Bb7 15. Qf3 Bxd5 16. Qxd5 Rad8 17. Qf3 Rd6 18. Bf4 Re6 19. Rad1 Qf6 20. c3 Rfe8 21. Rd2 g5 22. Qg4 h6 23. Be3 Kh7 24. h4 gxh4 25. Qxh4 Qf3 26. Qf4 Qh5 27. Kg2 Qd5+ 28. Qf3 Qd6 29. Bf4 Qe7 30. d4 Rg8 31. d5 Rf6 32. d6 Qd7 33. Re1 Re6 34. Rxe6 fxe6 35. Re2 Rf8 36. Qe4+ Kg8 37. Qxe6+ Qxe6 38. Rxe6 1-0

[Event "45th FIDE Womens Olympiad 2024"]
[Site "Budapest"]
[Date "2024.09.16"]
[Round "6.10"]
[White "Munguntuul, Batkhuyag"]
[Black "Javakhishvili, Lela"]
[Result "1/2-1/2"]
[ECO "C64"]
[WhiteElo "2346"]
[BlackElo "2446"]
[Annotator "TA"]
[PlyCount "100"]
[EventDate "2024.09.05"]
[EventType "team-tourn"]
[EventCountry "HUN"]
[SourceTitle "playchess.com"]
[Source "ChessBase"]
[SourceQuality "1"]
[WhiteTeam "Mongolia"]
[BlackTeam "Georgia"]
[WhiteTeamCountry "MGL"]
[BlackTeamCountry "GEO"]
[TimeControl "40/5400+30:1800+30"]

1. e4 e5 2. Nf3 Nc6 3. Bb5 a6 4. Ba4 Bc5 5. c3 Nge7 6. O-O Ng6 {[%emt 0:00:13] 6...Ba7 is the modern continuation. C64: Ruy Lopez: Classical Defence (3...Bc5) except 4 0-0 Nf6.} 7. d4 Ba7 8. Bg5 f6 9. Be3 O-O 10. Nbd2 Kh8 11. Re1 exd4 12. Nxd4 Nxd4 13. cxd4 d5 14. Qh5 $2 {[%emt 0:11:32] [#]} (14. exd5 $14 {keeps the upper hand.} Ne7 15. d6 cxd6 16. Nf3) 14... Be6 $146 (14... dxe4 15. Nxe4 Be6 16. Rad1 $14) (14... c5 $1 $19 15. Nf1 (15. Qxd5 $2 cxd4 16. Nf1 dxe3 $19) (15. dxc5 $2 d4 $19) 15... cxd4) ({Predecessor:} 14... c5 15. Nf3 cxd4 16. Bd2 Bd7 17. Bc2 Qc8 18. Rac1 Bg4 19. Qxd5 Rd8 20. Bd1 Qd7 21. Qxd7 Rxd7 {½-½ Borgaonkar,A (2372)-Prohaszka,P (2581) Budapest Spring op 2024 (2)}) 15. Bc2 $11 Qd7 16. h3 (16. Nb3 {simplifies} Rae8 17. h3 Bf7 18. exd5 Qxd5 19. Bxg6 Qxh5 20. Bxh5 Bxh5 21. Nc5) 16... Bf7 17. e5 fxe5 18. dxe5 d4 $1 19. Bf5 (19. e6 $5 Qc6 (19... Qxe6 20. Bxd4 Qc6 21. Be4 $14) 20. Be4 Qxe6 21. Bg5 $15) 19... Qe8 (19... Qd5 $15 20. Bg5 Qxg2+ 21. Kxg2 Nf4+ 22. Bxf4 Bxh5 23. Bxh7 Kxh7 (23... Rxf4 24. Re4 $11)) 20. Bg5 $11 Be6 21. Be4 Bf5 22. e6 (22. Bxb7 Rb8 23. Be4 Rxb2 $15) 22... d3 (22... Qxe6 $6 23. Bxb7 Qd7 24. Bxa8 Rxa8 25. Nf3 $16) 23. Nf3 ({Reject} 23. Bxb7 Bxf2+ 24. Kh1 Rb8 $17) 23... Bxe4 (23... Bxe6 $2 {perishes.} 24. Bxg6 (24. Bxd3 Rxf3 25. Qxf3 Qf7 $18) 24... Qxg6 25. Qxg6 hxg6 26. Rxe6 $18) (23... Qxe6 {is interesting.} 24. Bxd3 Qd5 25. Bxf5 Qxf5 26. Qg4 Qc2) 24. Rxe4 Ne5 25. Qxe8 Nxf3+ 26. gxf3 Raxe8 27. Kg2 Rf5 28. Bd2 Bc5 29. Bc3 Kg8 30. Rd1 Rg5+ 31. Rg4 Rxg4+ 32. fxg4 Rxe6 33. Rxd3 Bd6 34. f4 Bxf4 35. Rd8+ Kf7 36. Rd7+ Re7 37. Rxe7+ Kxe7 38. Bxg7 Ke6 39. Kf3 Bc1 40. Ke4 Bg5 41. Be5 c5 $1 42. a4 b5 43. axb5 axb5 44. b3 c4 45. bxc4 bxc4 46. Bc3 h5 47. gxh5 Bf6 48. Bxf6 Kxf6 49. h4 Kg7 50. Kd4 Kh6 1/2-1/2

[Event "45th FIDE Womens Olympiad 2024"]
[Site "Budapest"]
[Date "2024.09.16"]
[Round "6.10"]
[White "Joshi, Aditi Narayan"]
[Black "Thomas, Nelissa"]
[Result "1/2-1/2"]
[ECO "A84"]
[WhiteElo "1546"]
[BlackElo "1631"]
[PlyCount "75"]
[EventDate "2024.09.05"]
[EventType "team-tourn"]
[EventCountry "HUN"]
[WhiteTeam "Guyana"]
[BlackTeam "Bahamas"]
[WhiteTeamCountry "GUY"]
[BlackTeamCountry "BAH"]
[TimeControl "40/5400+30:1800+30"]

1. d4 d5 2. c4 c6 3. e3 e6 4. Nf3 f5 5. Ne5 Nf6 6. Be2 g6 7. h4 Rg8 8. a3 Nbd7 9. Nxd7 Bxd7 10. b4 b5 11. c5 h5 12. Nd2 Bg7 13. Nf3 Ng4 14. Bb2 Bf6 15. a4 a6 16. g3 Rh8 17. Ne5 Bxe5 18. dxe5 Kf7 19. Qd4 Rf8 20. Qf4 Kg7 21. Bc1 Rh8 22. f3 Nh6 23. g4 hxg4 24. fxg4 Nxg4 25. Qg3 Nh6 26. Rg1 Be8 27. Bh5 f4 28. Qxf4 Nf5 29. Bg4 Qxh4+ 30. Kd1 Rf8 31. Bxf5 Qxf4 32. exf4 Rxf5 33. a5 Bf7 34. Ke2 Rh8 35. Rg2 Rh1 36. Kf3 Kh6 37. Bb2 Rh3+ 38. Rg3 1/2-1/2

[Event "45th FIDE Womens Olympiad 2024"]
[Site "Budapest"]
[Date "2024.09.16"]
[Round "6.11"]
[White "Khotenashvili, Bella"]
[Black "Nomin-Erdene, Davaademberel"]
[Result "1/2-1/2"]
[ECO "D30"]
[WhiteElo "2432"]
[BlackElo "2319"]
[Annotator "TA"]
[PlyCount "93"]
[EventDate "2024.09.05"]
[EventType "team-tourn"]
[EventCountry "HUN"]
[SourceTitle "playchess.com"]
[Source "ChessBase"]
[SourceQuality "1"]
[WhiteTeam "Georgia"]
[BlackTeam "Mongolia"]
[WhiteTeamCountry "GEO"]
[BlackTeamCountry "MGL"]
[TimeControl "40/5400+30:1800+30"]

1. d4 d5 2. c4 c6 3. Nf3 e6 4. Nbd2 f5 5. g3 Nd7 6. Qc2 Bd6 7. cxd5 cxd5 8. Nb3 Ngf6 9. Bf4 Qe7 10. Rc1 {[%emt 0:06:15] [#] Qxc8+ would now be deadly.} O-O (10... Bxf4 $11 11. gxf4 O-O) 11. Bxd6 $1 $14 Qxd6 12. Qc7 (12. e3 $14 {feels stronger.}) 12... Qb4+ 13. Nfd2 Ne4 14. a3 Qa4 15. e3 Nxd2 (15... Ndf6 $11) 16. Nxd2 Nf6 17. Be2 {[%emt 0:11:50] White is more active.} (17. Bd3 $16) 17... Bd7 $11 18. O-O ({Much weaker is} 18. Qxb7 Rfb8 19. Qa6 Qxa6 (19... Rxb2 20. Nf3 $11) 20. Bxa6 Rb6 $11 (20... Rxb2 21. Nf3 $11)) 18... Rfc8 19. Qd6 Rc2 20. b3 Qc6 21. Qxc6 Rxc6 22. Rxc6 Bxc6 23. Rc1 Rc8 24. Nf3 Bd7 25. Rxc8+ Bxc8 {[%emt 0:00:05][%mdl 4096] Endgame. KBN-KBN} 26. Ne5 Kf8 27. f3 Ke7 28. Kf2 Nd7 29. Nd3 Kd6 30. h4 b6 {[%emt 0:02:30] The position is equal.} 31. Nf4 Nf6 32. Bd3 Bd7 33. Ne2 h6 34. Nf4 Be8 35. Nh3 Bd7 36. Ke2 Be8 37. a4 Bd7 38. Kf2 Be8 39. Be2 a5 40. Nf4 Ke7 41. Nd3 Kd6 42. Ne5 Ke7 43. Bd3 Nd7 44. Bb5 Nxe5 45. dxe5 Bxb5 46. axb5 g5 47. h5 {[%emt 0:01:05] Weighted Error Value: White=0.06 (flawless) /Black=0.05 (flawless) .  Mistake:       	White=2     	Black=2      OK:         	White=14    	Black=20     Best:        	White=1     	---        Strong:       	White=1     	---} 1/2-1/2

[Event "45th FIDE Womens Olympiad 2024"]
[Site "Budapest"]
[Date "2024.09.16"]
[Round "6.11"]
[White "Johnson, Daijah"]
[Black "Clement, Ciel Desiree"]
[Result "1-0"]
[ECO "D53"]
[WhiteElo "1624"]
[BlackElo "1460"]
[PlyCount "83"]
[EventDate "2024.09.05"]
[EventType "team-tourn"]
[EventCountry "HUN"]
[WhiteTeam "Bahamas"]
[BlackTeam "Guyana"]
[WhiteTeamCountry "BAH"]
[BlackTeamCountry "GUY"]
[TimeControl "40/5400+30:1800+30"]

1. d4 Nf6 2. c4 e6 3. Nc3 d5 4. Bg5 Be7 5. Nf3 h6 6. Bxf6 Bxf6 7. e3 Nd7 8. cxd5 exd5 9. Nxd5 Nb6 10. Nxb6 axb6 11. Be2 O-O 12. O-O c5 13. h3 Qd6 14. Qc2 cxd4 15. exd4 Be6 16. a3 Rac8 17. Qd2 Rc7 18. Rac1 Rd7 19. Rfd1 Bb3 20. Re1 Qd5 21. Qb4 Rd6 22. Bc4 Bxc4 23. Rxc4 Rfd8 24. Rec1 Be7 25. Rc8 Rxc8 26. Rxc8+ Kh7 27. Qc4 Qxc4 28. Rxc4 Rc6 29. Rxc6 bxc6 30. Ne5 c5 31. dxc5 Bxc5 32. Nxf7 Kg6 33. Ne5+ Kf5 34. Nd3 Bd4 35. b3 Ke4 36. Ne1 Bb2 37. a4 Kd4 38. b4 Kc3 39. a5 Kxb4 40. a6 Bc3 41. a7 Bxe1 42. a8=Q 1-0

[Event "45th FIDE Womens Olympiad 2024"]
[Site "Budapest"]
[Date "2024.09.16"]
[Round "6.12"]
[White "Khuslen, Erdenebayar"]
[Black "Melia, Salome"]
[Result "0-1"]
[ECO "D35"]
[WhiteElo "2229"]
[BlackElo "2293"]
[Annotator "TA"]
[PlyCount "116"]
[EventDate "2024.09.05"]
[EventType "team-tourn"]
[EventCountry "HUN"]
[SourceTitle "playchess.com"]
[Source "ChessBase"]
[SourceQuality "1"]
[WhiteTeam "Mongolia"]
[BlackTeam "Georgia"]
[WhiteTeamCountry "MGL"]
[BlackTeamCountry "GEO"]
[TimeControl "40/5400+30:1800+30"]

1. d4 d5 2. c4 e6 3. Nc3 Nf6 4. cxd5 exd5 5. Bg5 c6 6. e3 h6 7. Bh4 Be7 8. Bd3 O-O 9. Nge2 {[%emt 0:02:56] D35: Queen's Gambit Declined: Exchange Variation.} Re8 10. O-O Nh5 11. Bxe7 Qxe7 12. Qd2 Nd7 13. Rae1 Nf8 14. Nc1 Bd7 15. f3 Rad8 16. Qf2 Bc8 17. Kh1 b6 $146 ({Predecessor:} 17... Ne6 18. Nb3 b6 19. Rd1 Nf6 20. Qh4 c5 21. dxc5 bxc5 22. Bf5 c4 23. Bxe6 fxe6 {½-½ Kashlinskaya,A (2491)-Sliwicka,A (2240) POL-chT Ekstraliga 2022 (1.1)}) 18. e4 dxe4 19. fxe4 Ne6 20. N1e2 Qf6 21. Qe3 Qg5 22. Qf3 Re7 {[%emt 0:17:38] [#]} (22... Rf8 $1 $11 {keeps the balance.}) 23. d5 $1 $16 Nc5 24. Bc4 (24. Bc2 $14 Bg4 25. Qf2 cxd5 26. Nxd5) 24... Bg4 $11 25. Qf2 Bxe2 26. Rxe2 cxd5 27. exd5 Nb7 $2 (27... Rf8 $11 {and Black has nothing to worry.}) 28. Ne4 (28. g4 $142) 28... Rxe4 $18 29. Rxe4 (29. Qxf7+ Kh8 30. Rxe4 Nd6) 29... Nd6 30. Rd4 Nf6 31. Bb3 Re8 32. Qf4 Re2 33. Qxg5 (33. Qxd6 $2 Qxg2#) 33... hxg5 34. Rb1 Nfe4 35. Bc4 $2 {[%emt 0:02:45] [#]} (35. Kg1 $16 {and life is bright.}) 35... Rd2 $1 $17 36. Rxe4 Nxe4 37. Kg1 Nf6 38. Re1 Kf8 $1 (38... Rxb2 $6 39. d6 $11) (38... Nxd5 $2 39. Re8+ Kh7 40. Rd8 $18) 39. b4 Nxd5 40. b5 (40. Bb5 $17 {keeps fighting.} Nf6 (40... Rxa2 41. Re8#) 41. Bc4) 40... Nf4 $19 41. g3 (41. Bf1 $142) 41... Nh3+ $19 42. Kh1 g4 43. Bb3 Ng5 44. Bd1 f5 (44... Rxa2 $2 45. Bxg4 f5 46. Be2 $17 (46. Bxf5 {gets mated.} Nf3)) 45. a4 g6 46. Be2 Ra2 47. Bd1 Ra1 48. Kg2 (48. Rf1 $142) 48... Nf3 $19 49. Rf1 Ra2+ 50. Rf2 Rxf2+ 51. Kxf2 Nxh2 52. Ke3 Ke7 53. Be2 g5 54. Kd4 Kd6 (54... f4 $142 55. Bxg4 Nxg4 56. gxf4 gxf4 57. Ke4 Kd6 58. Kxf4 Kc5 59. Ke4 Kb4 60. Kd5 Kxa4 61. Kd4 Kxb5 62. Kd5 a5 63. Kd4 Kb4 64. Kd3 a4 65. Ke4 a3 66. Kf5 a2 67. Kxg4 a1=Q (67... a1=B {leads to mate.} 68. Kf5 b5 69. Kg5 Kc4 70. Kh6 b4 71. Kg6 b3 72. Kf5 b2 73. Ke6 b1=Q 74. Kd6 Qb6+ 75. Ke7 Kd5 76. Kf8 Ke6 77. Kg8 Qd4 78. Kh7 Qg7#) 68. Kg5 Qe5+ 69. Kg4 Kc3 70. Kf3 Kd3 71. Kf2 Qe3+ 72. Kf1 b5 73. Kg2 Ke2 74. Kh2 Kf1 75. Kh1 Qh6#) 55. Bd3 f4 56. Ke4 fxg3 57. Ke3 g2 58. Kf2 Nf3 0-1

[Event "45th FIDE Womens Olympiad 2024"]
[Site "Budapest"]
[Date "2024.09.16"]
[Round "6.12"]
[White "Archibald, Treskole"]
[Black "Pride, Chika"]
[Result "0-1"]
[ECO "C41"]
[WhiteElo "1400"]
[BlackElo "1578"]
[PlyCount "98"]
[EventDate "2024.09.05"]
[EventType "team-tourn"]
[EventCountry "HUN"]
[WhiteTeam "Guyana"]
[BlackTeam "Bahamas"]
[WhiteTeamCountry "GUY"]
[BlackTeamCountry "BAH"]
[TimeControl "40/5400+30:1800+30"]

1. e4 e5 2. Nf3 d6 3. d4 Qe7 4. Be2 Nf6 5. Nc3 c6 6. dxe5 dxe5 7. O-O Qc7 8. Be3 Nbd7 9. Nd2 b5 10. a3 Be7 11. f3 O-O 12. Rf2 Bb7 13. Qf1 Bc5 14. Bxc5 Nxc5 15. b4 Ne6 16. Nb3 Qb6 17. Bd3 a6 18. Kh1 c5 19. bxc5 Nxc5 20. Be2 Nxb3 21. cxb3 Qd4 22. Qe1 Rac8 23. Rc1 Rc7 24. Bf1 Rfc8 25. Rfc2 h6 26. h3 Nh5 27. Kh2 Qb6 28. Rd1 Qa5 29. Qh4 Rxc3 30. Rxc3 Qxc3 31. Rd8+ Rxd8 32. Qxd8+ Kh7 33. Qd7 Bc8 34. Qxf7 Nf4 35. a4 Qe1 36. Qc7 Qxf1 37. Qc2 Ne2 38. Qc5 Qc1 39. Qf2 Qg1+ 40. Qxg1 Nxg1 41. Kxg1 Be6 42. axb5 axb5 43. b4 Kg6 44. g4 Kg5 45. Kf2 Kf4 46. h4 g6 47. g5 h5 48. Kg2 Bc4 49. Kf2 Bd3 {0-} 0-1

[Event "45th FIDE Womens Olympiad 2024"]
[Site "Budapest"]
[Date "2024.09.16"]
[Round "6.13"]
[White "Kashlinskaya, Alina"]
[Black "Zhu, Jiner"]
[Result "1/2-1/2"]
[ECO "B22"]
[WhiteElo "2490"]
[BlackElo "2487"]
[Annotator "TA"]
[PlyCount "81"]
[EventDate "2024.09.05"]
[EventType "team-tourn"]
[EventCountry "HUN"]
[SourceTitle "playchess.com"]
[Source "ChessBase"]
[SourceQuality "1"]
[WhiteTeam "Poland"]
[BlackTeam "China"]
[WhiteTeamCountry "POL"]
[BlackTeamCountry "CHN"]
[TimeControl "40/5400+30:1800+30"]

1. e4 c5 2. c3 d5 3. exd5 Qxd5 4. d4 Nf6 5. Nf3 Nc6 6. Be3 e6 7. Na3 {[%emt 0:01:02] Threatening Bc4.} cxd4 {[%emt 0:00:20] [#]} 8. Nb5 $1 Qd7 {[%emt 0:00:07] Repels Nc7+} (8... Qd8 9. Nbxd4) 9. Nbxd4 Be7 10. Nxc6 Qxc6 11. Ne5 Qd5 12. Qa4+ Kf8 (12... Nd7 {with more complications.} 13. f4 Bh4+ 14. Bf2 Bxf2+ 15. Kxf2 Qc5+) 13. f4 Qe4 ({Better is} 13... a6 $14) 14. Qxe4 $16 Nxe4 15. O-O-O f6 16. Nf3 Kf7 17. Bc4 Nd6 18. Bb3 {[%emt 0:00:12] White has more active pieces.} a5 19. a4 Nf5 {[%emt 0:02:49] Against Nd4} 20. Bf2 {[%emt 0:03:22] And now g4 would win.} h5 21. Rhe1 Ra6 22. Re2 Rc6 23. Nd4 Nxd4 24. Bxd4 g6 25. Rde1 Rd8 26. Kb1 b6 27. g3 Bc5 28. Bxc5 bxc5 29. Bc4 Rb6 30. h3 Ke7 31. Kc1 Rdd6 32. g4 h4 33. Bb5 Bd7 {[%emt 0:02:12] The position is equal.} 34. Bxd7 Kxd7 $11 {[%emt 0:00:44][%mdl 4096] Endgame. KRR-KRR} 35. Re3 {[%emt 0:00:12] Wards off Rd3} Rd5 36. R1e2 Rbd6 37. Kc2 Rb6 38. Re4 Rbd6 39. R4e3 Rb6 40. Re4 Rbd6 41. R4e3 {[%emt 0:31:08] Weighted Error Value: White=0.06 (flawless) /Black=0.07 (flawless) .  Mistake:       	---       	Black=1      Inaccurate:     	White=2     	Black=3      OK:         	White=10    	Black=18     Best:        	White=1     	---        Strong:       	White=1     	---} 1/2-1/2

[Event "45th FIDE Womens Olympiad 2024"]
[Site "Budapest"]
[Date "2024.09.16"]
[Round "6.14"]
[White "Song, Yuxin"]
[Black "Socko, Monika"]
[Result "1/2-1/2"]
[ECO "C42"]
[WhiteElo "2373"]
[BlackElo "2422"]
[Annotator "TA"]
[PlyCount "73"]
[EventDate "2024.09.05"]
[EventType "team-tourn"]
[EventCountry "HUN"]
[SourceTitle "playchess.com"]
[Source "ChessBase"]
[SourceQuality "1"]
[WhiteTeam "China"]
[BlackTeam "Poland"]
[WhiteTeamCountry "CHN"]
[BlackTeamCountry "POL"]
[TimeControl "40/5400+30:1800+30"]

1. e4 e5 2. Nf3 Nf6 3. Nxe5 d6 4. Nf3 Nxe4 5. d4 d5 6. Bd3 Bf5 7. O-O Be7 8. Re1 O-O 9. Nbd2 Nd6 10. Nf1 Nd7 11. Bxf5 {[%emt 0:04:29] White has an edge.} Nxf5 12. Qd3 Nd6 13. Bf4 Re8 14. Re2 Nf6 15. Rae1 a5 16. a4 Bf8 17. Rxe8 Ndxe8 18. Ng3 Nd6 19. Ne5 Qc8 20. h3 Ra6 21. Re2 h6 22. c3 Nde4 23. Nxe4 Nxe4 24. Qb5 Rf6 (24... c6 $11 25. Qd3 Rb6) 25. Qxd5 {[%emt 0:14:05] White is more active.} ({White should play} 25. Nd3 $16) 25... Rxf4 $11 {[%emt 0:02:15][%cal Bf6f4,Bf4e4,Be4e1][%mdl 32] The position is equal.} 26. Rxe4 c6 27. Qb3 Rxe4 28. Qxf7+ Kh8 29. Ng6+ Kh7 30. Nxf8+ {[%emt 0:00:08][%mdl 4096] Endgame. KQR-KQN} (30. Qxf8 $2 {loses.} Qxf8 31. Nxf8+ Kg8 $19) 30... Kh8 31. Ng6+ Kh7 32. Ne5 {[%emt 0:04:40] [#] Threatens to win with Qg6+.} ({Don't do} 32. Nf8+ Kh8 $14) 32... Re1+ 33. Kh2 c5 34. Qg6+ Kg8 35. Qf7+ Kh7 36. Qg6+ Kg8 37. Qf7+ {[%emt 0:06:20] Weighted Error Value: White=0.08 (flawless) /Black=0.07 (flawless) .  Mistake:       	White=1     	Black=1      Inaccurate:     	White=2     	Black=2      OK:         	White=8     	Black=7      Best:        	White=3     	Black=8} 1/2-1/2

[Event "45th FIDE Womens Olympiad 2024"]
[Site "Budapest"]
[Date "2024.09.16"]
[Round "6.14"]
[White "Beukes, Jamie-Nicole"]
[Black "Wahid, Chelsea"]
[Result "1/2-1/2"]
[ECO "B12"]
[WhiteElo "1735"]
[BlackElo "1482"]
[PlyCount "97"]
[EventDate "2024.09.05"]
[EventType "team-tourn"]
[EventCountry "HUN"]
[WhiteTeam "Namibia"]
[BlackTeam "Saint Lucia"]
[WhiteTeamCountry "NAM"]
[TimeControl "40/5400+30:1800+30"]

1. e4 c6 2. d4 d5 3. e5 Bf5 4. Bd3 Bxd3 5. Qxd3 e6 6. Nf3 Nd7 7. Nbd2 c5 8. c3 Ne7 9. Qe2 Nf5 10. b3 Be7 11. Bb2 O-O 12. O-O Qb6 13. Rac1 c4 14. Rc2 Qa6 15. bxc4 Nb6 16. Rb1 Nxc4 17. Bc1 Nxd2 18. Qxd2 Rac8 19. Rcb2 Rc7 20. Rb3 Rfc8 21. Qb2 b6 22. Bd2 Rc4 23. Be1 Ra4 24. Ra1 Qd3 25. Qd2 Qxd2 26. Bxd2 Nh4 27. Ne1 f6 28. Nd3 Ng6 29. f4 f5 30. Nb2 Ra3 31. Nd3 Rxb3 32. axb3 a5 33. Ra4 Kf7 34. g3 h5 35. b4 axb4 36. Nxb4 Bxb4 37. Rxb4 Rb8 38. Rb5 Ne7 39. Bc1 Nc8 40. Rb3 Ra8 41. Ra3 Rxa3 42. Bxa3 b5 43. Kf2 Nb6 44. Ke2 Nc4 45. Bc1 Ke7 46. Kd3 Kd7 47. Kc2 Na5 48. Kb2 Kc6 49. Ka3 1/2-1/2